 Dungeon Crawl Stone Soup version 0.19.5 (webtiles) character file.

47077 grindst0ne the Severer (level 14, -2/133 HPs)
             Began as a Minotaur Berserker on May 2, 2017.
             Was a Priest of Trog.
             Slain by a dire elephant (3 damage)
             ... on level 6 of the Lair of Beasts.
             The game lasted 01:26:29 (15304 turns).

grindst0ne the Severer (Minotaur Berserker)        Turns: 15304, Time: 01:26:29

Health: -2/133     AC: 18    Str: 27    XL:     14   Next: 7%
Magic:  13/13      EV: 18    Int:  4    God:    Trog [***...]
Gold:   1115       SH:  0    Dex: 14    Spells: 0 memorised, 13 levels left

rFire  + + .     SeeInvis .     u - +3 war axe
rCold  . . .     Gourm    .     r - +2 ring mail {rF+}
rNeg   . . .     Faith    .     (no shield)
rPois  +         Spirit   .     (helmet restricted)
rElec  .         Reflect  .     a - +1 cloak {rF+}
rCorr  .         Harm     .     y - +2 pair of gloves
MR     +++..                    t - +0 pair of boots
Stlth  +.........               (no amulet)
                                p - ring of poison resistance
                                m - +4 ring of strength

@: exhausted, very slightly contaminated, regenerating, hasted and slowed
A: retaliatory headbutt, claws 1, horns 2
a: Berserk, Trog's Hand, Burn Spellbooks, Renounce Religion


You were on level 6 of the Lair of Beasts.
You worshipped Trog.
Trog was most pleased with you.
You were very hungry.

You visited 2 branches of the dungeon, and saw 14 of its levels.
You also visited: Labyrinth and Volcano.

You collected 1115 gold pieces.

Inventory:

Hand Weapons
 f - a +3 hand axe
 u - a +3 war axe (weapon)
 E - a +1 war axe
 O - a +0 war axe of electrocution
 S - a +1 great sword of flaming
Missiles
 k - 8 tomahawks of returning
 Q - 2 throwing nets (quivered)
Armour
 a - a +1 cloak of fire resistance (worn)
 i - +0 ice dragon scales
 r - a +2 ring mail of fire resistance (worn)
 t - a +0 pair of boots (worn)
 y - a +2 pair of gloves (worn)
 R - +2 fire dragon scales
Magical Staves
 h - an uncursed staff of power
Rods
 x - a +2 rod of ignition (14/14)
   (You took it off a minotaur in a labyrinth)
Jewellery
 m - a +4 ring of strength (left hand)
 p - a ring of poison resistance (right hand)
Wands
 o - a wand of polymorph (9/24)
 A - a wand of digging (18/24)
 B - a wand of flame (25/48)
 F - a wand of confusion (24/48)
 J - a wand of flame (24/48)
 L - a wand of acid (3/15)
 P - a wand of confusion (27/48)
 U - a wand of iceblast (8/15)
Scrolls
 d - 5 scrolls of remove curse
 j - 2 scrolls of enchant weapon
 q - a scroll of magic mapping
 s - a scroll of fear
 w - 4 scrolls of identify
 H - 3 scrolls of fog
 V - 2 scrolls of recharging
Potions
 e - 5 potions of curing
 z - 3 potions of magic
 D - a potion of cancellation
 G - 3 potions of berserk rage
 M - a potion of cure mutation
 T - a potion of ambrosia
Comestibles
 b - 6 beef jerkies
 c - 8 bread rations
 n - 17 fruits
 C - 5 meat rations
 N - 5 slices of pizza


   Skills:
 + Level 14.5 Fighting
 + Level 16.4 Axes
 + Level 14.6 Armour
 + Level 10.9 Dodging
 - Level 2.3 Stealth


You had 13 spell levels left.
You didn't know any spells.

Dungeon Overview and Level Annotations

Branches:
Dungeon (8/15)             Temple (0/1) D:5            Lair (6/6) D:8
 Shoals (0/4) Lair:3       Spider (0/4) Lair:2        Slime (0/5) Lair:5

Altars:
Ashenzari
Elyvilon
Fedhas
Nemelex Xobeh
Uskayaw
Jiyva

Shops:
D:4 (

Annotations:
Lair:6 exclusion: oklob plant


Innate Abilities, Weirdness & Mutations

You reflexively headbutt those who attack you in melee.
You have a pair of horns on your head.
You have sharp fingernails.


Message History

You barely miss the dire elephant.
You headbutt the dire elephant, but do no damage.
The dire elephant is almost dead.
The dire elephant tramples you!
* * * LOW HITPOINT WARNING * * *
You hold your ground!
The dire elephant barely misses you.
Unknown command.
You feel yourself speed up.
The dire elephant completely misses you.
You furiously retaliate!
You headbutt the dire elephant, but do no damage.
The dire elephant completely misses you.
The dire elephant tramples you.
* * * LOW HITPOINT WARNING * * *
You hold your ground!
The dire elephant barely misses you.
You are very lightly contaminated with residual magic.
The dire elephant tramples you!!
* * * LOW HITPOINT WARNING * * *
You hold your ground!
The dire elephant trunk-slaps you.
You die...

#...#....,,,,,*#.P.#.#
#..##.8.,8,,8,?#..P##.
##..#.÷..,,8,,.##....#.
#...#÷..#**,...#....P#.
#...#...#,*..8.#.....#.
#...#...###....#.....#.
#P..#.......8.##.%..##.
##..##%Y...÷..#P...##..
##..#@.....###...##...
##.#....###..%÷P##...
##.....##......##....
#P....##♣.....###P..#
#...........### ###.#
##..P######## ##* #.###
###


You could see a dire elephant.

Vanquished Creatures
  A red draconian (Volcano)
  A minotaur (Lab)
  Fannar (Lair:3)
  An ice dragon (Lair:4)
  Harold (Lair:2)
  2 hydras
  A catoblepas (Lair:6)
  Erica (D:8)
  A deep troll shaman (Lair:6)
  13 death yaks
  Nergalle (Lair:4)
  A salamander mystic (Volcano)
  The ghost of kae the Carver, a novice MiFi of Qazlal (D:6)
  8 black mambas
  4 salamanders (Volcano)
  A siren (Lair:3)
  3 elephants (Lair:6)
  15 spiny frogs
  A rime drake (Lair:4)
  8 komodo dragons
  A gargoyle (Volcano)
  A demonic crawler (Lair:2)
  A merfolk (Lair:3)
  The ghost of greprep the Chopper, an amateur MiFi of Gozag (D:5)
  3 polar bears
  A slime creature (Lair:5)
  20 blink frogs
  9 dream sheep (Lair:6)
  2 hippogriffs
  8 yaks (Lair:3)
  A wyvern (Lair:3)
  7 fire bats (Volcano)
  A basilisk (Lair:3)
  7 swamp worms (Lair:2)
  11 water moccasins
  6 porcupines
  An orc warrior (D:6)
  2 black bears
  3 ice beasts
  A necrophage (D:7)
  28 wolves
  2 ogres
  3 centaurs
  5 crocodiles
  7 bullfrogs
  4 scorpions
  4 wights (D:6)
  An electric eel (Lair:3)
  A crimson imp (D:7)
  2 bullfrog zombies
  6 lava snakes (Volcano)
  A quasit (D:4)
  2 jellies
  2 orc priests
  2 hounds
  2 orc wizards
  A gnoll shaman (D:5)
  An iguana (D:7)
  Natasha (thrice) (D:3)
  3 worker ants
  9 hell rats (Lair:5)
  2 hound skeletons
  A worker ant zombie (D:5)
  47 gnolls
  A howler monkey skeleton (D:5)
  12 adders
  12 river rats (Lair:5)
  2 shadow imps
  3 white imps (Lair:4)
  2 oozes (D:3)
  An adder skeleton (D:5)
  15 worms
  2 dart slugs
  4 leopard geckos
  19 orcs
  2 giant cockroaches
  7 hobgoblins
  18 jackals
  3 quokkas
  A ball python (D:3)
  7 bats
  3 frilled lizards
  9 goblins
  4 kobolds
  25 rats
  4 fungi
  6 plants
454 creatures vanquished.

Vanquished Creatures (collateral kills)
  A molten gargoyle (Volcano)
1 creature vanquished.

Vanquished Creatures (others)
  A hydra (Lair:5)
  A bullfrog (D:8)
  4 bushes (Lair:3)
  11 fungi
  11 plants
28 creatures vanquished.

Grand Total: 483 creatures vanquished

Notes
Turn   | Place    | Note
-------+----------+-------------------------------------------
     0 | D:1      | grindst0ne the Minotaur Berserker began the quest for the Orb.
     0 | D:1      | Reached XP level 1. HP: 19/19 MP: 0/0
    82 | D:1      | Reached XP level 2. HP: 25/27 MP: 1/1
    90 | D:1      | Reached skill level 4 in Axes
   509 | D:1      | Reached XP level 3. HP: 34/34 MP: 2/2
   541 | D:1      | Reached ** piety under Trog
  1137 | D:2      | Reached skill level 5 in Fighting
  1497 | D:2      | Found a sparkling altar of Nemelex Xobeh.
  1765 | D:2      | Reached XP level 4. HP: 40/42 MP: 3/3
  2184 | D:3      | Found a shattered altar of Ashenzari.
  2194 | D:3      | Noticed Natasha
  2225 | D:3      | Killed Natasha
  2225 | D:3      | Reached XP level 5. HP: 15/50 MP: 4/4
  2341 | D:3      | Reached skill level 1 in Stealth
  2465 | D:3      | Noticed Natasha
  2470 | D:3      | Killed Natasha
  2715 | D:3      | Found a blossoming altar of Fedhas.
  2741 | D:3      | Noticed Natasha
  2749 | D:3      | Killed Natasha
  2874 | D:4      | Found a shattered altar of Ashenzari.
  2963 | D:4      | Reached skill level 5 in Axes
  2963 | D:4      | Reached XP level 6. HP: 54/57 MP: 5/5
  3027 | D:4      | Found Pem Somp's Antique Weapon Shop.
  3358 | D:5      | Entered Level 5 of the Dungeon
  3512 | D:5      | Noticed an ice beast
  3529 | D:5      | Killed an ice beast
  3529 | D:5      | Reached skill level 6 in Axes
  3529 | D:5      | Reached XP level 7. HP: 48/64 MP: 6/6
  3545 | D:5      | Reached skill level 5 in Armour
  3680 | D:5      | Noticed greprep's ghost (amateur MiFi)
  3686 | D:5      | Killed greprep's ghost
  3686 | D:5      | Reached skill level 7 in Axes
  3896 | D:5      | Reached *** piety under Trog
  3977 | D:5      | Reached XP level 8. HP: 73/73 MP: 7/7
  3979 | D:5      | Reached skill level 8 in Axes
  4054 | D:5      | Reached skill level 9 in Axes
  4387 | D:5      | Found a staircase to the Ecumenical Temple.
  4575 | D:6      | Noticed kae's ghost (novice MiFi)
  4599 | D:6      | Killed kae's ghost
  4599 | D:6      | Reached skill level 10 in Axes
  4599 | D:6      | Reached XP level 9. HP: 82/82 MP: 8/8
  4947 | D:6      | Reached **** piety under Trog
  5716 | D:7      | Found a sparkling altar of Nemelex Xobeh.
  5716 | D:7      | Found a faded altar of an unknown god.
  5733 | D:7      | Found a hide-covered altar of Uskayaw.
  5735 | D:7      | Found a white marble altar of Elyvilon.
  5737 | D:7      | Found a faded altar of an unknown god.
  5879 | D:7      | Gained mutation: You have sharp fingernails. [potion of beneficial mutation]
  5919 | D:8      | Reached skill level 11 in Axes
  6077 | D:8      | Found a staircase to the Lair.
  6102 | D:8      | Noticed Erica
  6119 | D:8      | Killed Erica
  6159 | Lair:1   | Entered Level 1 of the Lair of Beasts
  6181 | Lair:1   | Noticed a spiny frog
  6188 | Lair:1   | Killed a spiny frog
  6188 | Lair:1   | Reached skill level 12 in Axes
  6188 | Lair:1   | Reached XP level 10. HP: 89/89 MP: 9/9
  6934 | Lair:1   | Noticed a spiny frog
  6935 | Lair:1   | Noticed a spiny frog
  6944 | Lair:1   | Killed a spiny frog
  6944 | Lair:1   | Killed a spiny frog
  6944 | Lair:1   | Reached skill level 10 in Armour
  7106 | Lair:2   | Reached skill level 10 in Fighting
  7295 | Lair:2   | Reached skill level 13 in Axes
  7546 | Lair:2   | Noticed a spiny frog
  7556 | Lair:2   | Killed a spiny frog
  7629 | Lair:2   | Noticed Harold
  7647 | Lair:2   | Killed Harold
  7732 | Lair:2   | Reached XP level 11. HP: 101/101 MP: 10/10
  7737 | Lair:2   | Found a hole to the Spider Nest.
  8843 | Lair:3   | Reached skill level 5 in Dodging
  8859 | Lair:3   | Found a dark tunnel.
  8876 | Volcano  | Entered a volcano
  9150 | Volcano  | Found a bloodstained altar of Trog.
  9150 | Volcano  | Noticed a salamander mystic
  9325 | Volcano  | Killed a salamander mystic
  9554 | Volcano  | Reached skill level 14 in Axes
  9614 | Volcano  | Noticed a red draconian
  9627 | Volcano  | Killed a red draconian
 10124 | Lair:3   | Reached XP level 12. HP: 112/112 MP: 11/11
 10298 | Lair:3   | Noticed Fannar
 10308 | Lair:3   | Killed Fannar
 10940 | Lair:3   | Found a staircase to the Shoals.
 11406 | Lair:4   | Noticed an ice dragon
 11513 | Lair:4   | Killed an ice dragon
 11688 | Lair:4   | Reached skill level 15 in Axes
 11703 | Lair:4   | Noticed a seven-headed hydra
 11711 | Lair:4   | Killed a four-headed hydra
 12108 | Lair:4   | Noticed Nergalle
 12123 | Lair:4   | Killed Nergalle
 12359 | Lair:5   | Reached XP level 13. HP: 112/122 MP: 12/12
 12416 | Lair:5   | Found a runed door.
 12422 | Lair:5   | Found a viscous altar of Jiyva.
 12424 | Lair:5   | Found a staircase to the Slime Pits.
 13388 | Lair:6   | Entered Level 6 of the Lair of Beasts
 13501 | Lair:6   | Reached skill level 10 in Dodging
 13586 | Lair:6   | Reached skill level 16 in Axes
 13607 | Lair:6   | Found a labyrinth entrance.
 13626 | Lab      | Entered a labyrinth
 13740 | Lab      | Noticed a minotaur
 13752 | Lab      | Killed a minotaur
 13772 | Lab      | Identified the Papyrus of Conjuration
 13774 | Lab      | Got an encrusted hand axe
 13775 | Lab      | Identified the cursed +1 hand axe "Vaopidaa" {freeze, rN+ Dex+4} (You found it in a labyrinth)
 15031 | Lair:6   | Reached XP level 14. HP: 76/133 MP: 13/13
 15304 | Lair:6   | HP: 1/133 [dire elephant (24)]
 15304 | Lair:6   | Slain by a dire elephant

Skill      XL: |  1  2  3  4  5  6  7  8  9 10 11 12 13 |
---------------+----------------------------------------+-----
Fighting       | 4 5 6 7 8 9 10 12 13 14 | 14.5
Axes           | 4 5 6 7 10 12 13 14 15 16 | 16.4
Armour         | 4 5 7 9 10 12 13 14 | 14.6
Stealth        | 1 2 |  2.3
Dodging        | 4 6 9 10 | 10.9

Action                   |  1- 3 |  4- 6 |  7- 9 | 10-12 | 13-15 || total
-------------------------+-------+-------+-------+-------+-------++-------
Melee: Hand axe          |    20 |       |       |       |       ||    20
       Headbutt          |     8 |    28 |    41 |   127 |    87 ||   291
       Dagger            |    44 |    79 |       |       |       ||   123
       War axe           |       |    62 |   219 |   469 |   286 ||  1036
       Great sword       |       |       |       |     3 |     3 ||     6
Invok: Berserk           |     1 |     5 |     5 |    23 |    11 ||    45
       Trog's Hand       |       |     5 |     5 |    26 |    15 ||    51
       Brothers in Arms  |       |       |       |     1 |     2 ||     3
  Use: Potion            |       |     1 |     1 |    11 |     4 ||    17
       Scroll            |       |    14 |     9 |     8 |     8 ||    39
 Stab: Petrified         |       |       |       |       |     4 ||     4
  Eat: Chunk             |     4 |    12 |    15 |    40 |    21 ||    92
       Fruit             |       |       |       |    11 |     6 ||    17
Armor: Animal skin       |    18 |       |       |       |       ||    18
       Chain mail        |     3 |    88 |   147 |   205 |       ||   443
       Fire dragon scale |       |       |       |    65 |       ||    65
       Ring mail         |       |       |       |    46 |   115 ||   161
Dodge: Dodged            |    29 |    83 |   138 |   317 |   254 ||   821
